Cogmind - Beta 9.6 @@@ ROGUE MODE // 2020.07.15 @ 18:47:47 Player: Lyft Result: Destroyed by S-10 Pest with Light Assault Rifle Performance ------------- Evolutions (1) 500 Regions Visited (4) 800 Robots Destroyed (81) 405 Value Destroyed (1466) 1466 Prototype IDs (5) 100 Alien Tech Used (0) 0 Bonus (0) 0 TOTAL SCORE: 3271 Bonus ------- Follower Combat Kills 207 Friendly Fire -207 Cogmind --------- Core Integrity 0/400 Matter 194/300 Energy 99/100 System Corruption 1% Temperature Cool (0) Movement Flying (242) Ox3 Location -9/Mines Parts ------- > --- POWER (1) -------- (None) > --- PROPULSION (3) --- Improved Flight Unit Improved Flight Unit > --- UTILITY (3) ------ Medium Storage Unit Large Storage Unit Large Storage Unit > --- WEAPON (2) ------- Improved Assault Rifle > --- INVENTORY (20) --- Cooled Ion Engine Advanced Terrain Scanner Light Armor Plating Light Armor Plating Improved Assault Rifle Mini Grenade Launcher Mini Grenade Launcher Peak State ------------ > --- POWER ------------ Cooled Ion Engine > --- PROPULSION ------- Light Treads Light Treads Armored Wheel > --- UTILITY ---------- Large Storage Unit Large Storage Unit Advanced Terrain Scanner > --- WEAPON ----------- Improved EM Shotgun Improved Assault Rifle > --- INVENTORY -------- Cooled Ion Engine Light Treads Improved Flight Unit Improved Flight Unit Improved Flight Unit Improved Flight Unit Medium Storage Unit Light Armor Plating Light Armor Plating Heavy EM Pulse Gun Light EM Pulse Cannon Light EM Pulse Cannon Improved Assault Rifle Mini Grenade Launcher Mini Grenade Launcher [Rating: 21] Favorites ----------- Power Ion Engine Engine Ion Engine Propulsion Light Treads Treads Light Treads Leg Carbon-fiber Leg Wheel Wheel Flight Unit Improved Flight Unit Utility Medium Storage Unit Device Advanced Terrain Scanner Storage Medium Storage Unit Weapon Heavy EM Pulse Gun Energy Gun Heavy EM Pulse Gun Energy Cannon Light EM Pulse Cannon Ballistic Gun Light Assault Rifle Launcher Mini Grenade Launcher Build | -11 -10 -10 -9 -9 ------- Run | Scr Mat Min Mat Min Slots Evolved 2 | . . . 2 . Power . | . . . . . Propulsion 1 | . . . 1 . Utility 1 | . . . 1 . Weapon . | . . . . . Parts Attached 68 | 3 8 7 38 12 Power 9 | . . 2 7 . Engine 9 | . . 2 7 . Core . | . . . . . Reactor . | . . . . . Propulsion 24 | 2 3 2 12 5 Treads 14 | 1 2 . 10 1 Leg 2 | . . 2 . . Wheel 5 | 1 1 . 2 1 Hover . | . . . . . Flight 3 | . . . . 3 Utility 10 | 1 1 1 5 2 Device 3 | . . . 2 1 Storage 7 | 1 1 1 3 1 Processor . | . . . . . Hackware . | . . . . . Protection . | . . . . . Artifact . | . . . . . Weapon 25 | . 4 2 14 5 Energy Gun 9 | . 2 1 5 1 Energy Cannon 3 | . . . 1 2 Ballistic Gun 9 | . 2 . 6 1 Ballistic Cannon . | . . . . . Launcher 4 | . . 1 2 1 Special Weapon . | . . . . . Impact Weapon . | . . . . . Slashing Weapon . | . . . . . Piercing Weapon . | . . . . . Special Melee Weapon . | . . . . . Unidentified Prototypes 5 | . . . 4 1 Parts Lost 13 | . 1 1 2 9 Power 1 | . . . . 1 Propulsion 5 | . . . 1 4 Utility . | . . . . . Weapon 7 | . 1 1 1 4 Highest Loss Streak 9 | . 1 1 1 9 Average Slot Usage (%) 95 | . 99 96 98 69 Engine 11 | . 14 14 10 2 Treads 16 | . 19 . 27 4 Leg 6 | . . 26 . . Wheel 4 | . 8 . 4 2 Flight 1 | . . . . 14 Device 3 | . . . 9 . Storage 26 | . 28 28 23 32 Energy Gun 10 | . 13 11 10 1 Ballistic Gun 12 | . 14 14 10 9 Naked Turns . | . . . . . Heaviest Build 55 | 15 21 33 54 55 Greatest Support 60 | 10 40 30 60 60 Greatest Overweight (x) 14 | 1 1 2 3 14 Average Overweight (x) . | 1 . . . 3 Largest Inventory Capacity 20 | 8 10 14 20 20 Average Capacity 13 | 7 8 12 14 19 Most Carried 16 | 6 9 12 16 15 Average Carried 11 | 4 7 11 13 9 Final Capacity 20 | 8 10 14 20 20 Final Carried 15 | 4 9 12 15 7 Class Distribution -------------------- 70% | Mutant 16% | Scavenger-Mutant 12% | Hauler-Mutant Dominant Class ---------------- Mutant | -10/Materials Mutant | -10/Mines Mutant | -9/Materials Hauler-Mutant | -9/Mines Resources | -11 -10 -10 -9 -9 ----------- Run | Scr Mat Min Mat Min Matter Collected 1256 | 234 133 244 583 62 Remotely . | . . . . . Salvage Created 2362 | 79 485 272 1361 165 Parts 151 | 2 39 16 86 8 Haulers Intercepted 7 | . 2 . 5 . Recyclers Shooed 3 | 1 . . 2 . Parts Field Recycled . | . . . . . Retrieved Matter . | . . . . . Parts Self-Destructed . | . . . . . Prevented . | . . . . . Kills | -11 -10 -10 -9 -9 ------- Run | Scr Mat Min Mat Min Combat Hostiles Destroyed 57 | . 10 5 23 19 Guns 30 | . 10 3 14 3 Cannons 3 | . . . 2 1 AOE 23 | . . 2 6 15 Classes Destroyed 13 | 1 6 2 2 2 Worker 3 | . 2 . 1 . Builder 1 | . . . 1 . Tunneler 1 | . . 1 . . Hauler 7 | . 2 . 5 . Recycler 4 | 1 . 1 1 1 Operator 1 | . 1 . . . Watcher 6 | . 2 . 4 . Swarmer 13 | . 6 3 2 2 Grunt 17 | . 4 . 13 . Brawler 1 | . . . 1 . Sentry 9 | . . 2 7 . Demolisher 2 | . . . . 2 Assembled 15 | . . . . 15 Thug 1 | . . 1 . . Best Kill Streak 18 | 1 4 5 6 18 Combat Bots Only 15 | . 3 3 5 15 Max Kills in Single Turn 6 | 1 2 1 3 6 Gunslinging 1 | . 1 . 1 . Exploded 6 | . . 1 2 6 Melee . | . . . . . Uniques/NPCs Destroyed . | . . . . . Combat | -11 -10 -10 -9 -9 -------- Run | Scr Mat Min Mat Min Damage Taken 3176 | . 385 332 1181 1278 Core 550 | . 76 67 99 308 Absorbed by Shields . | . . . . . Core Remaining (%) 71 | 100 . 42 . . Volleys Fired 178 | 2 47 29 80 20 Largest 2 | 2 2 2 2 2 Hottest 101 | 40 90 65 101 101 Shots Fired 313 | 4 93 47 147 22 Gun 280 | 4 93 42 129 12 Cannon 18 | . . . 14 4 Launcher 15 | . . 5 4 6 Special . | . . . . . Kinetic 160 | 4 54 24 69 9 Thermal 11 | . . . 11 . Explosive 15 | . . 5 4 6 Electromagnetic 127 | . 39 18 63 7 Robot Hit Streak 22 | 2 22 7 9 4 Robot Miss Streak 4 | 1 4 2 3 3 Penetration Max . | . . . . . Secondary Targets 4 | . 1 1 2 . Max Gunslinging Chain 1 | . 1 1 1 . Shots Hit Robots 197 | 2 56 32 96 11 Core Hits 153 | 2 27 19 54 51 Critical Hits 1 | . 1 . . . Critical Kills 1 | . 1 . . . Critical Parts Destroyed . | . . . . . Melee Attacks . | . . . . . Impact . | . . . . . Slashing . | . . . . . Piercing . | . . . . . Sneak Attacks . | . . . . . Combat Hostiles . | . . . . . Follow-up Attacks . | . . . . . Damage Inflicted 4827 | 16 691 468 2085 1567 Guns 2300 | 16 647 298 1234 105 Cannons 179 | . . . 141 38 Explosions 2338 | . 44 160 710 1424 Melee . | . . . . . Ramming 10 | . . 10 . . Kinetic 1006 | 16 290 131 492 77 Thermal 279 | . 44 55 180 . Explosive 1952 | . . 105 423 1424 Electromagnetic 1580 | . 357 167 990 66 Impact . | . . . . . Slashing . | . . . . . Piercing . | . . . . . Highest Corruption 1 | . . . 1 1 Average Corruption 1 | . . . 1 1 Corruption Purged . | . . . . . Effects 7 | . . . 5 2 Message Errors 2 | . . . 1 1 Energy Discharges 1 | . . . 1 . Data Loss (minor) 2 | . . . 1 1 Targeting Errors 1 | . . . 1 . Weapon Failures 1 | . . . 1 . Overload Shots . | . . . . . Overflow Damage 119 | . . 24 17 78 Projectiles . | . . . . . Explosions 119 | . . 24 17 78 Melee . | . . . . . Knockbacks . | . . . . . Impact . | . . . . . Kinetic . | . . . . . Secondary . | . . . . . Self-Inflicted Damage 388 | . 33 69 198 88 Shots 11 | . 1 1 6 3 Rammed . | . . . . . Targets Rammed 1 | . . 1 . . Kicked 1 | . . 1 . . Crushed . | . . . . . Highest Temperature 174 | . 76 82 174 48 Average Temperature 32 | . 26 30 38 26 Received Heat Transfer 594 | . 99 72 423 . Siege Activations . | . . . . . Robots Corrupted 1 | . . . 1 . Combat Hostiles 1 | . . . 1 . Parts Fried 8 | . 2 . 5 1 Impact Corruptions . | . . . . . Robots Melted . | . . . . . Combat Hostiles . | . . . . . Parts Melted . | . . . . . Heat Transferred 496 | . 50 50 396 . Parts Sabotaged . | . . . . . Parts Stolen . | . . . . . Parts Stripped . | . . . . . Power Chain Reactions 4 | . 1 1 2 . Missiles Intercepted . | . . . . . Alert | -11 -10 -10 -9 -9 ------- Run | Scr Mat Min Mat Min Peak Influence 400 | 5 162 137 400 75 Average Influence 119 | 3 54 17 254 44 Maximum Alert Level 2 | . . . 2 . Low Security (%) 72 | 100 100 100 28 100 Level 1 26 | . . . 70 . Level 2 . | . . . . . Level 3 . | . . . . . Level 4 . | . . . . . Level 5 . | . . . . . High Security . | . . . . . Max Security . | . . . . . Squads Dispatched 3 | . 1 . 2 . Investigation 2 | . 1 . 1 . Extermination . | . . . . . Reinforcement 1 | . . . 1 . Assault . | . . . . . Garrison . | . . . . . Intercept . | . . . . . Construction Impeded . | . . . . . Haulers Reinforced . | . . . . . Stealth | -11 -10 -10 -9 -9 --------- Run | Scr Mat Min Mat Min Distress Signals 3 | . 1 . 2 . Communications Jammed . | . . . . . Distress Signals . | . . . . . Times Spotted 90 | . 20 8 35 27 Peak Tracking Total 20 | . 5 3 4 20 Tactical Retreats 9 | . . 3 4 2 Traps | -11 -10 -10 -9 -9 ------- Run | Scr Mat Min Mat Min Traps Triggered 3 | . . . 3 . Indirectly . | . . . . . Trap Hack Attempts . | . . . . . Triggered . | . . . . . Disarmed . | . . . . . Reprogrammed . | . . . . . Reused . | . . . . . Traps Extracted . | . . . . . Installed . | . . . . . Triggered . | . . . . . Machines | -11 -10 -10 -9 -9 ---------- Run | Scr Mat Min Mat Min Machines Disabled 4 | . . 2 2 . Max in Single Turn 2 | . . 2 2 . Machines Sabotaged . | . . . . . Garrisons Compromised . | . . . . . Overloaded Fab Kills . | . . . . . Fab Network Shutdowns . | . . . . . Hacking | -11 -10 -10 -9 -9 --------- Run | Scr Mat Min Mat Min Machines Accessed 15 | . 9 . 6 . Terminals 12 | . 7 . 5 . Fabricators . | . . . . . Repair Stations 1 | . 1 . . . Recycling Units 2 | . 1 . 1 . Scanalyzers . | . . . . . Garrison Access . | . . . . . Total Hacks 56 | . 30 . 26 . Successful 29 | . 14 . 15 . Failed 27 | . 16 . 11 . Catastrophic 2 | . 1 . 1 . Database Lockouts . | . . . . . Manual 41 | . 19 . 22 . Terminals 46 | . 22 . 24 . Fabricators . | . . . . . Repair Stations 4 | . 4 . . . Recycling Units 6 | . 4 . 2 . Scanalyzers . | . . . . . Garrison Access . | . . . . . Terminal Hacks 14 | . 6 . 8 . Record 1 | . . . 1 . Robot Analysis 1 | . 1 . . . Terminal Index 3 | . 1 . 2 . Alert Level 3 | . 1 . 2 . Unreport Threat 4 | . 2 . 2 . Locate Traps 2 | . 1 . 1 . Fabricator Hacks . | . . . . . Repair Station Hacks 3 | . 3 . . . Scan Component 2 | . 2 . . . Repair 1 | . 1 . . . Recycling Unit Hacks 2 | . 1 . 1 . Report Inventory 2 | . 1 . 1 . Scanalyzer . | . . . . . Garrison Access Hacks . | . . . . . Unauthorized Hacks 10 | . 4 . 6 . Terminals 8 | . 3 . 5 . Track 2 | . 1 . 1 . Botnet 4 | . 2 . 2 . Operators 2 | . . . 2 . Fabricators . | . . . . . Repair Stations . | . . . . . Recycling Units 2 | . 1 . 1 . Recyclers 2 | . 1 . 1 . Scanalyzers . | . . . . . Garrison Access . | . . . . . Data Cores Recovered . | . . . . . Used . | . . . . . Hacking Detections 15 | . 9 . 6 . Full Trace Events 1 | . 1 . . . Feedback Events . | . . . . . Feedback Blocked . | . . . . . Robot Schematics Acquired . | . . . . . Robots Built . | . . . . . Matter . | . . . . . Time . | . . . . . Total Robot Build Rating . | . . . . . Part Schematics Acquired . | . . . . . Parts Built . | . . . . . Matter . | . . . . . Time . | . . . . . Total Part Build Rating . | . . . . . Parts Repaired 1 | . 1 . . . Time 26 | . 26 . . . Parts Recycled . | . . . . . Recycled Matter . | . . . . . Retrieved Matter . | . . . . . Retrieved Components . | . . . . . Parts Scanalyzed . | . . . . . Part Schematics Acquired . | . . . . . Parts Damaged . | . . . . . Bothacking | -11 -10 -10 -9 -9 ------------ Run | Scr Mat Min Mat Min Used RIF Installer . | . . . . . Robots Hacked . | . . . . . Non-combat . | . . . . . Combat . | . . . . . Robot Hacks Applied . | . . . . . Relay Couplers Released . | . . . . . Robots Rewired . | . . . . . Allies Hacked . | . . . . . Hacks Repelled . | . . . . . Allies | -11 -10 -10 -9 -9 -------- Run | Scr Mat Min Mat Min Total Allies 4 | . . 4 . . Largest Group 3 | . . 3 3 . Highest-Rated Group 40 | . . 40 40 . Highest-Rated Ally 31 | . . 31 16 . Total Orders . | . . . . . Ally Attacks 43 | . . 5 38 . Total Damage 551 | . . 105 446 . Kills 10 | . . 1 9 . Allies Corrupted . | . . . . . Allies Melted . | . . . . . Intel | -11 -10 -10 -9 -9 ------- Run | Scr Mat Min Mat Min Robot Analysis Total 1 | . 1 . . . Derelict Logs Recovered 1 | . . 1 . . Drone Launches . | . . . . . Drone Recoveries . | . . . . . Exploration | -11 -10 -10 -9 -9 ------------- Run | Scr Mat Min Mat Min Turns Passed 4466 | 25 1196 1156 1692 397 Spaces Moved 2466 | 8 641 748 926 143 Core 5 | . . . . 5 Treads 1009 | . 487 20 500 2 Legs 736 | . . 712 24 . Wheels 618 | 8 154 16 402 38 Hover . | . . . . . Flight 98 | . . . . 98 Fastest Speed 90 | 90 90 90 110 120 Average Speed 149 | 90 150 142 141 228 Slowest Speed 750 | 90 180 180 180 750 Overloaded Moves . | . . . . . Propulsion Burnouts . | . . . . . Robots Hopped . | . . . . . Cave-ins Triggered . | . . . . . Exploration Rate (%) 60 | 2 89 99 70 43 Regions Visited 4 Branch Regions 2 Pre-discovered Areas . | . . . . . Known Exits Taken 1 | . . . 1 . Unknown Exits Taken 3 | 1 1 1 . . Scrap Searched 3 | . . 2 . 1 Spaces Dug 11 | . . . 11 . Terrain Destroyed 123 | . 3 34 43 43 Melee . | . . . . . Projectile . | . . . . . AOE 123 | . 3 34 43 43 Actions | -11 -10 -10 -9 -9 --------- Run | Scr Mat Min Mat Min Total 2977 | 22 794 795 1174 192 Wait 163 | 8 81 6 54 14 Move 2462 | 7 640 747 925 143 Hop . | . . . . . Pick Up 43 | . 11 2 30 . Fast Attach 10 | 1 1 2 6 . Attach 22 | 2 2 1 10 7 Detach 2 | . . . 1 1 Swap 36 | . 5 4 22 5 Drop 60 | 2 7 3 46 2 Fire 178 | 2 47 29 80 20 Melee . | . . . . . Ram . | . . . . . Kick 1 | . . 1 . . Crush . | . . . . . Escape Stasis . | . . . . . Rewire . | . . . . . Trap . | . . . . . Miscellaneous . | . . . . . Route ------- -11/Scrapyard -10/Materials (discovered 2 exits: *Mat / [*Min]) -10/Mines (discovered 2 exits: *Mat x2) -9/Materials (discovered 4 exits: [*Mat x2] / *Min / [*Sto]) -9/Mines (discovered 1 exit: [*Mat]) History --------- Turn | Location | Event 4 | -11/Scrapyard | Discovered new exit (range 3) 26 | -11/Scrapyard | Entered Materials 318 | -10/Materials | Build established: Mutant 675 | -10/Materials | Discovered new exit (range 11) 716 | -10/Materials | Repaired Lgt. Treads 833 | -10/Materials | Discovered new exit (range 13) 1222 | -10/Materials | Entered Mines 1225 | -10/Mines | Received a Mining Laser from a helpful Derelict 1267 | -10/Mines | Discovered new exit (range 13) 1530 | -10/Mines | Core integrity fell below 50% 2144 | -10/Mines | Assisted by bots powering up and referring to "LRC-V3" 2295 | -10/Mines | Discovered new exit (range 5) 2378 | -10/Mines | Entered Materials 2378 | -9/Materials | Accompanied by 3 allies 2378 | -9/Materials | Evolved 2 slots: Propulsion x1, Utility x1 2379 | -9/Materials | Identified exit to Mines 2563 | -9/Materials | Discovered new exit (range 9) 2726 | -9/Materials | Build established: Scavenger-Mutant 2750 | -9/Materials | Discovered new exit (range 16) 3455 | -9/Materials | Build established: Mutant 3845 | -9/Materials | Discovered new exit (range 16) 4070 | -9/Materials | Entered Mines 4123 | -9/Mines | Assembled infested the area 4128 | -9/Mines | Assisted by a Guerilla fighting off Assembled 4157 | -9/Mines | Core integrity fell below 50% 4161 | -9/Mines | Destroyed 15 combat bots 4172 | -9/Mines | Core integrity fell below 20% 4202 | -9/Mines | Lost 9 parts (1p4n4w) 4256 | -9/Mines | Discovered new exit (range 10) 4430 | -9/Mines | Build established: Hauler-Mutant 4467 | -9/Mines | Destroyed by S-10 Pest with Light Assault Rifle Last Messages --------------- 04241_ U-05 Engineer builds a Wall. 04243_ K-01 Serf collects debris. 04246_ U-05 Engineer builds a Wall. 04256_ EXIT=FOUND 04262_ U-05 Engineer lays Concrete. 04305_ K-01 Serf collects debris. 04307_ Searching scrap... 04307_ Found 25 Matter. 04307_ Found Seismic Analyzer. 04307_ Found Welding Torch. 04307_ Found Maul. 04308_ Acquired 25 matter. 04308_ K-01 Serf collects debris. 04370_ MI&:YFMPXAAW9XDJ&T B0,DT7>PTO THZ89GJ>K 04370_ K-01 Serf collects debris. 04454_ S-10 Pest destroyed. 04454_ K-01 Serf collects debris. 04459_ S-10 Pest destroyed. 04461_ K-01 Serf collects debris. 04467_ S-10 Pest destroyed. Map ----- +----------------------------------------------------+ | ????????????????????# ### #### #? | | ????????????????????# ## #??# ### #? | | ????????????????????# """ #??# ##??? | | ????????????????????# """ #??# ##?????# | | ????????????????????# """ #####??## ##?????? | | ????????????????????## #???????# ##????? | | ?????????????????????## #???????# ##???? | | ??????????????????????## #???????# #???? | | ???????????????????????## ##??????## ##??? | | ????????????????????????## ##??????# #### | | ?????????????????????????# #??????## | | ?????????????????????????## #???????# ### | | ??????????????????????????## ##???????# #??# | | ???????????????????????????# #????????# #???# | | ???????????????????????????# #????????#!#????# | | ???????????????????????????# ###???#??# ####### | | ???????????????????????????# ##?????#|/ #? | | ???????????????????????????# k ####### #### #?? | | ???????????????????????????# #??# ###? | | ??????????????????????????## #### ## | | ????????????????????????### ####### # | | ???????????????????????## ###### | | ???????????????????????# | | ???????????????????????# ### < ### | | ???????????????????????# r##?### ######### ##?? | | ?????????????????????#?# @ ##????# #???????####??# | | ??????????????????????# ##?????# #?????????????? | | ????????????????? ????#[ #?????## #?????????????? | | ??????????????????????#%% #?#??## ##???#####????? | | ??????????????????????#s ##??### #??# ####?? | | ?????????????????????? %###?### ##? # ##? | | ????????????????????? #???### ## # | | ????????????????????? ????# # ###] # | | ???????????????????? ?##??### % % | | ??????????????????? ? ?# # == | | ??????????????????? ! ?? ?# # # # # ### | | ?????????????????? #??# # # # ## # # | | ?????????????????? #???# ## # # ### # | | ?????????????????? #????# ?## # ###?# | | ????????????????????????# ??## ####???? | | ????????????????????????# ???# #???#???? # # | | ????????????????????????# #### #????????######?# | | ????????????????????????# #???????????????? | | ????????????????????????# #???????????????? | | ??????????????????######### ######???????????????? | | ??????????????????# ## #????????????????????? | | ??????????????????# ## #????????????????????? | | ??????????????????# #????????????????????? | | ??????????????????# """ ####????????????????????? | | ??????????????????# """ #???????????????????????? | +----------------------------------------------------+ Best States ------------- Heat Dissipation 28 Energy Generation 14 Energy Capacity 280 Matter Stores 300 Matter Capacity 300 Sight Range 16 Terrain Scan Range 20 Terrain Scan Density 10 Evasion (%) 42 Recoil Reduction 3 Item Schematics ----------------- None Robot Schematics ------------------ None Fabricated ------------ Nothing Alien Tech Used ----------------- None Achievements -------------- Backstab Challenges ------------ None Game ------ Seed TargetMachineDoomcannon Manual? 0 Play Time 00:41:31 Cumulative 14.7 hours Start 2020.07.15 @ 18:09:15 End 2020.07.15 @ 18:47:47 Sessions 1 Manual Loads 0 Difficulty Rogue Special Mode None Game No. 31 Rogue 29 Adventurer 1 Explorer 1 Win Type - Total 0 Types 0/0/0/0/0/0/0 Lore% 22 Gallery% 26 Achievement% 19 Wizard Run 0 Options --------- ASCII 0 Keyboard 0 Movement Mouse Keybinds 0 Fullscreen 2 Font 24/Terminus Map View 76x50 Tactical HUD 1 Map Filters NONE Filters NONE Steam 1 RUN: 8dbe864f-bf94-4a2c-a788-132521b0ee80